 Dungeon Crawl Stone Soup version 0.27-a0-412-g8dd771eca2 (webtiles) character file.

Game seed: 7238021298591261905

6063 Chiseanne the Fighter (level 10, -3/85 HPs)
             Began as a Demonspawn Wanderer on Feb 24, 2021.
             Was an Initiate of Gozag.
             Slain by a catoblepas (10 damage)
             ... while petrified by a catoblepas
             ... on level 9 of the Dungeon.
             The game lasted 00:15:38 (10016 turns).

Chiseanne the Fighter (Demonspawn Wanderer)        Turns: 10016, Time: 00:15:38

Health: -3/85      AC: 12    Str: 16    XL:     10   Next: 57%
Magic:  10/10      EV:  2    Int: 10    God:    Gozag
Gold:   974        SH:  0    Dex: 18    Spells: 9/9 levels left

rFire    . . .     SeeInvis .   a - +2 war axe (elec)
rCold    . . .     Faith    .   x - +0 buckler
rNeg     + + +     Spirit   .   v - +0 swamp dragon scales
rPois    ∞         Reflect  .   (helmet restricted)
rElec    .         Harm     .   E - scarf {shadows}
rCorr    .         Rampage  .   f - +2 pair of gloves
Will     .....                  (no boots)
Stlth    +++.......             A - amulet of the acrobat
HPRegen  0.24/turn              (no ring)
MPRegen  0.12/turn              (no ring)

@: petrified
A: horns 2, thin skeletal structure 1, demonic guardian 1, powered by pain 1
a: Renounce Religion, Potion Petition, Call Merchant, Bribe Branch


You were on level 9 of the Dungeon.
You worshipped Gozag.
Gozag was pleased with you.
You visited 1 branch of the dungeon, and saw 9 of its levels.

You collected 1769 gold pieces.
You spent 269 gold pieces at shops.
You paid 526 gold pieces to Gozag.

Inventory:

Hand Weapons
 a - a +2 war axe of electrocution (weapon)
 r - a +1 scimitar of draining
 s - a +0 short sword of venom
Missiles
 h - 35 poisoned darts
 k - 8 boomerangs (quivered)
 t - 112 sling bullets
 w - 20 bolts
Armour
 f - a +2 pair of gloves (worn)
 p - a +2 robe of resistance
 v - +0 swamp dragon scales (worn)
 x - a +0 buckler (worn)
 E - a scarf of shadows (worn)
Magical Staves
 g - a staff of air
Jewellery
 d - a ring of ice
 A - an amulet of the acrobat (around neck)
Wands
 e - a wand of flame (25)
 i - a wand of polymorph (7)
 l - a wand of mindburst (7)
Scrolls
 b - 7 scrolls of teleportation
 n - 4 scrolls of identify
 u - a scroll of fear
 y - a scroll of amnesia
 D - 3 scrolls of fog
Potions
 c - 4 potions of lignification
 j - 2 potions of cancellation
 m - a potion of mutation
 o - 2 potions of flight
 q - 2 potions of heal wounds
 z - 5 potions of curing
 B - a potion of magic
 C - a potion of resistance


   Skills:
 * Level 10.1 Fighting
 - Level 1.7 Long Blades
 * Level 7.9 Armour
 * Level 7.8 Dodging
 - Level 2.6 Stealth
 * Level 5.0 Shields


You had 9 spell levels left.
You didn't know any spells.
Your spell library contained the following spells:

 Spells                   Type           Power        Failure   Level
 Summon Small Mammal      Summ           0%           54%         1
 Call Imp                 Summ           0%           69%         2
 Call Canine Familiar     Summ           0%           89%         3
 Summon Guardian Golem    Hex/Summ       0%           89%         3
 Summon Ice Beast         Ice/Summ       0%           100%        4
 Summon Lightning Spire   Summ/Air       0%           100%        4


Dungeon Overview and Level Annotations

Branches:
Dungeon (9/15)             Temple (0/1) D:4
   Lair: D:8-11         Orc: D:9-12

Altars:
Ashenzari
Dithmenos
Elyvilon
Fedhas
Gozag
Makhleb
Sif Muna
Zin

Shops:
D:8 (


Innate Abilities, Weirdness & Mutations

You have a pair of horns on your head.
You have a somewhat thin skeletal structure. (Dex +2, Stealth)
A weak demonic guardian rushes to your aid.
You sometimes gain a little power by taking damage.


Message History

The cyclops shouts!
Your Shields skill increases to level 5!
You hit the vampire mosquito. You headbutt the vampire mosquito!
The vampire mosquito is almost destroyed.
You completely miss the catoblepas. You hit something.
You are engulfed in calcifying dust.
The vampire mosquito closely misses you.
The vampire mosquito bites you but does no damage.
The vampire mosquito closely misses you.
The catoblepas completely misses you.
The vampire mosquito bites you but does no damage.
You have turned to stone.
The vampire mosquito bites you but does no damage.
The catoblepas gores you!! The vampire mosquito bites you.
The vampire mosquito bites you but does no damage.
The catoblepas breathes a plume of calcifying dust at you.
The blast of calcifying dust hits you.
The vampire mosquito bites you but does no damage.
You are engulfed in calcifying dust.
The cyclops is no longer distracted by gold.
The vampire mosquito bites you! The catoblepas gores you!
The vampire mosquito bites you!
The komodo dragon hisses menacingly.
You are engulfed in calcifying dust.
The vampire mosquito bites you. The catoblepas gores you!
The worker ant waves its antennae.
The vampire mosquito bites you but does no damage.
The cyclops throws a large rock.
You are engulfed in calcifying dust.
The vampire mosquito bites you. The catoblepas gores you!
The vampire mosquito bites you!
The cyclops throws a large rock.
The vampire mosquito bites you. The catoblepas gores you!!
* * * LOW HITPOINT WARNING * * *
A demonic guardian appears!
The vampire mosquito bites you.
* * * LOW HITPOINT WARNING * * *
Something hits you but does no damage. The vampire mosquito bites you.
* * * LOW HITPOINT WARNING * * *
The catoblepas gores you!!
You die...
Your body crumbles into a pile of gold.

... .# .. ..#
## ... ...#
##.####..#
......#..#
.....B#..#
....YY#.#
..8lC{@.#
...Zzy#5#
....Y.#.#
......#.###
##.####...#
.........##
#######..#
#.########..#
#.##........#


You could see a catoblepas (ally target), a skeletal warrior, a cyclops, a
komodo dragon, a yak, a vampire mosquito, an ice beast, a worker ant, a water
moccasin zombie and a friendly shadow imp (summoned).

Vanquished Creatures
  Pikel (D:3)
  Joseph (D:8)
  A hornet (D:8)
  Sigmund (D:2)
  2 yaks (D:9)
  A vampire (D:9)
  A water moccasin (D:9)
  3 orc warriors
  2 black bears
  A sky beast (D:5)
  3 ogres
  4 centaurs
  2 necrophages
  2 phantoms
  4 bullfrogs
  A wyvern zombie (D:6)
  2 scorpions (D:5)
  4 killer bees (D:3)
  3 wights (D:9)
  A howler monkey (D:4)
  5 hounds
  A quasit (D:4)
  4 centaur skeletons
  2 bullfrog skeletons
  3 orc priests
  2 iguanas
  6 orc wizards
  10 worker ants
  Natasha (thrice) (D:2)
  A killer bee zombie (D:8)
  2 hound zombies
  A worker ant zombie (D:5)
  6 gnolls
  14 adders
  A white imp (D:6)
  4 oozes
  An adder zombie (D:6)
  An adder skeleton (D:9)
  4 worms (D:2)
  6 dart slugs
  5 leopard geckos
  25 orcs
  3 giant cockroaches
  11 goblins
  8 hobgoblins
  5 jackals
  3 quokkas
  3 ball pythons
  6 bats
  7 frilled lizards
  A giant cockroach zombie (D:6)
  A jackal skeleton (D:5)
  2 jackal zombies
  11 kobolds
  2 leopard gecko skeletons
  3 rats
213 creatures vanquished.

Vanquished Creatures (collateral kills)
  A two-headed ogre (D:8)
  2 yaks (D:9)
  A kobold brigand (D:8)
  A jelly (D:9)
  An orc (D:7)
  2 kobolds (D:8)
8 creatures vanquished.

Vanquished Creatures (others)
  2 fungi (D:6)
2 creatures vanquished.

Grand Total: 223 creatures vanquished

Notes
Turn   | Place    | Note
-------+----------+-------------------------------------------
     0 | D:1      | Chiseanne the Demonspawn Wanderer began the quest for the
                  | Orb.
     0 | D:1      | Chiseanne set off with the following items: a +2 falchion,
                  | a scroll of teleportation, a potion of lignification, a +0
                  | robe, a +0 dagger
     0 | D:1      | Reached XP level 1. HP: 21/21 MP: 1/1
   241 | D:1      | Gained mutation: You have a pair of small horns on your
                  | head. [demonic ancestry]
   241 | D:1      | Reached XP level 2. HP: 27/27 MP: 2/2
   295 | D:1      | Reached skill level 1 in Dodging
   338 | D:1      | Reached skill level 1 in Armour
   651 | D:2      | Reached XP level 3. HP: 31/33 MP: 3/3
   930 | D:2      | Found a shimmering blue altar of Sif Muna.
  1069 | D:2      | Reached XP level 4. HP: 27/39 MP: 4/4
  1182 | D:2      | Noticed Natasha
  1187 | D:2      | Killed Natasha
  1309 | D:2      | Noticed Sigmund
  1480 | D:2      | Killed Sigmund
  1481 | D:2      | Reached skill level 6 in Fighting
  1481 | D:2      | Gained mutation: You have a pair of horns on your head.
                  | [demonic ancestry]
  1481 | D:2      | Reached XP level 5. HP: 31/46 MP: 5/5
  1481 | D:2      | Reached XP level 6. HP: 35/52 MP: 6/6
  1868 | D:2      | Found a white marble altar of Elyvilon.
  1937 | D:2      | Found an opulent altar of Gozag.
  1952 | D:2      | Became a worshipper of Gozag Ym Sagoz the Greedy
  1989 | D:2      | Noticed Natasha
  1994 | D:2      | Killed Natasha
  2030 | D:2      | Noticed Natasha
  2037 | D:2      | Killed Natasha
  2574 | D:3      | Gained mutation: You sometimes gain a little power by
                  | taking damage. [demonic ancestry]
  2574 | D:3      | Reached XP level 7. HP: 49/59 MP: 7/7
  3522 | D:4      | Reached skill level 7 in Fighting
  3600 | D:4      | Noticed Pikel
  3723 | D:3      | Killed Pikel
  3724 | D:3      | Reached skill level 5 in Armour
  3724 | D:3      | Reached skill level 5 in Dodging
  3724 | D:3      | Gained mutation: You have a somewhat thin skeletal
                  | structure. (Dex +2, Stealth) [demonic ancestry]
  3724 | D:3      | Reached XP level 8. HP: 63/68 MP: 8/8
  4322 | D:4      | Found a staircase to the Ecumenical Temple.
  4359 | D:4      | Noticed an Executioner
  4360 | D:4      | Found a burning altar of Makhleb.
  4363 | D:4      | Found a glowing silver altar of Zin.
  4363 | D:4      | Noticed an angel
  4486 | D:4      | Found a broken altar of Ashenzari.
  4536 | D:4      | Reached skill level 8 in Fighting
  4649 | D:5      | Entered Level 5 of the Dungeon
  5716 | D:5      | Gained mutation: A weak demonic guardian rushes to your
                  | aid. [demonic ancestry]
  5716 | D:5      | Reached XP level 9. HP: 63/75 MP: 9/9
  5822 | D:5      | Reached skill level 1 in Shields
  5882 | D:6      | Found a blossoming altar of Fedhas.
  7941 | D:8      | Bought a +2 war axe of electrocution for 269 gold pieces
  7991 | D:8      | Noticed Maggie
  7993 | D:8      | Noticed Maggie
  7993 | D:8      | Maggie changed into Maggie the hornet
  7997 | D:8      | Paralysed by Maggie for 3 turns
  8004 | D:8      | Killed Maggie the hornet
  8005 | D:8      | Reached skill level 9 in Fighting
  8085 | D:8      | Found a shadowy altar of Dithmenos.
  8498 | D:8      | Noticed Joseph
  8508 | D:8      | Killed Joseph
  8647 | D:8      | Reached XP level 10. HP: 83/83 MP: 10/10
  8650 | D:8      | Noticed a two-headed ogre
  8661 | D:8      | Killed a two-headed ogre
  9832 | D:9      | Reached skill level 10 in Fighting
 10003 | D:9      | Noticed a cyclops
 10004 | D:9      | Noticed a catoblepas
 10004 | D:9      | Noticed a skeletal warrior
 10009 | D:9      | Reached skill level 5 in Shields
 10016 | D:9      | Slain by a catoblepas

Illustrated notes

Levels and vault maps discovered:
D:1:      dpeg_arrival_tiny_a, layout_rooms, minmay_3d_cube
D:2:      layout_rooms, old_standard_altar, nicolae_overflow_crystal_walls,
          grunt_gozag_breadcrumbs, uniq_sigmund, uniq_natasha
D:3:      layout_basic
D:4:      layout_basic, kennysheep_little_box,
          grunt_temple_overflow_order_and_chaos_2, minmay_temple_entry_hall,
          uniq_pikel
D:5:      layout_loops_ring
D:6:      layout_basic, chequers_mini_garden, grunt_decor_mini_mirrors,
          fedhas_altar_3
D:7:      layout_basic
D:8:      layout_loops_corners, kennysheep_mini_moat, uniq_joseph, uniq_maggie
D:9:      layout_loops_ring, tgw_xom, basic_altar, minmay_misc_feat_enclosed,
          minmay_statues_item, minivault_28

Skill      XL: |  1  2  3  4  5  6  7  8  9 10 |
---------------+-------------------------------+-----
Dodging        | 1 2 3 5 6 7 |  7.8
Armour         | 1 2 3 5 6 7 |  7.9
Fighting       | 6 7 8 9 10 | 10.1
Shields        | 3 5 |  5.0
Long Blades    | |  1.7
Stealth        | |  2.6

Action                   |  1- 3 |  4- 6 |  7- 9 | 10-12 || total
-------------------------+-------+-------+-------+-------++-------
Melee: Falchion          |    95 |    88 |   297 |       ||   480
       Headbutt          |    15 |    29 |    92 |    20 ||   156
       War axe           |       |       |    67 |    86 ||   153
       Short sword       |       |       |     4 |       ||     4
Throw: Boomerang         |       |       |     4 |       ||     4
Invok: Call Merchant     |       |       |     1 |       ||     1
Evoke: Wand              |       |     2 |     2 |     2 ||     6
  Use: Scroll            |     1 |     3 |    12 |     1 ||    17
       Potion            |       |     1 |     2 |       ||     3
 Stab: Distracted        |       |       |     1 |     1 ||     2
       Sleeping          |       |       |    11 |     5 ||    16
Armor: Scale mail        |    56 |    52 |   155 |       ||   263
       Robe              |     7 |       |       |       ||     7
       Swamp dragon scal |       |       |    26 |    33 ||    59
Dodge: Dodged            |    76 |    97 |   254 |    90 ||   517
Block: Buckler           |       |       |    45 |    24 ||    69
       Rpst.: Falchion   |    20 |    25 |    71 |       ||   116

Table legend: (Time is in decaauts)
 A = Elapsed time spent in this place.
 B = Non-inter-level travel time spent in this place.
 C = Inter-level travel time spent in this place.
 D = Time resting spent in this place.
 E = Time spent auto-exploring this place.
 F = Levels seen in this place.
 G = Mean time per level.
                   A        B        C        D        E       F      G
               +--------+--------+--------+--------+--------+-----+--------+
         Total |  10227 |  10039 |    188 |   2244 |   5959 |   9 | 1136.3 |
       Dungeon |  10227 |  10039 |    188 |   2244 |   5959 |   9 | 1136.3 |
               +--------+--------+--------+--------+--------+-----+--------+

Top non-repeatable levels by time:
     D:2: 1672 daAuts
     D:3: 1618 daAuts
     D:8: 1550 daAuts
     D:5: 1237 daAuts
     D:7: 1096 daAuts
     D:6: 980 daAuts
     D:4: 747 daAuts
     D:1: 706 daAuts
     D:9: 617 daAuts
